 Dungeon Crawl Stone Soup version 0.22.1-2-g9c5b331 (webtiles) character file.

111684 Fang the Severer (level 16, -1/99 HPs)
             Began as a Gargoyle Berserker on Dec 13, 2018.
             Was the Champion of Trog.
             Slain by a large abomination (16 damage)
             ... on level 3 of the Abyss.
             The game lasted 00:52:08 (27743 turns).

Fang the Severer (Gargoyle Berserker)              Turns: 27743, Time: 00:52:08

Health: -1/99      AC: 33    Str: 29    XL:     16   Next: 58%
Magic:  17/17      EV: 11    Int:  9    God:    Trog [******]
Gold:   1580       SH:  0    Dex: 17    Spells: 15/15 levels left

rFire    + + .     SeeInvis +   r - +3 broad axe (vamp)
rCold    + . .     Gourm    +   (no shield)
rNeg     + . .     Faith    .   n - +3 plate armour
rPois    ∞         Spirit   .   (helmet restricted)
rElec    +         Reflect  .   (no cloak)
rCorr    .         Harm     .   (no gloves)
MR       +....     NoTele   +   t - +1 pair of boots
Stlth    ..........             J - amulet of the gourmand
HPRegen  0.26/turn              a - ring "Ovigan" {rElec rPois rF++ Dex+2}
MPRegen  0.15/turn              A - ring "Zolasen" {-Tele rPois rC+ Dex+6 SInv}

@: flying
A: big wings, horns 1, [frail 1], high mp 1, mutation resistance 1, negative
energy resistance 1, electricity resistance, strong 1, unbreathing,
petrification resistance, rot immunity, AC +12
a: Stop Flying, Berserk, Trog's Hand, Brothers in Arms, Renounce Religion


You were on level 3 of the Abyss.
You worshipped Trog.
Trog was exalted by your worship.
You were completely stuffed.

You visited 5 branches of the dungeon, and saw 25 of its levels.
You visited the Abyss 1 time.
You also visited: Labyrinth and Sewer.

You collected 2157 gold pieces.
You spent 577 gold pieces at shops.

Inventory:

Hand Weapons
 j - a +2 war axe
 m - a +3 antimagic battleaxe
 r - a +3 vampiric broad axe (weapon)
 y - a +4 antimagic executioner's axe
 E - a +2 battleaxe of flaming
 G - a +5 battleaxe of venom
 P - the +1 battleaxe of Egomania {freeze, Int+2}
   (You found it on level 11 of the Dungeon)

   It has been specially enchanted to freeze those struck by it, causing extra
   injury to most foes and up to half again as much damage against particularly
   susceptible opponents.
   It can also slow down cold-blooded creatures.
   It affects your intelligence (+2).
 R - a +3 antimagic broad axe
 W - the +3 war axe of Cimeif {venom, *Corrode Int+5 Dex+4}
   (Trog gifted it to you on level 2 of the Orcish Mines)

   It poisons the flesh of those it strikes.
   It affects your intelligence (+5).
   It affects your dexterity (+4).
   It may corrode you when you take damage.
Armour
 n - a +3 plate armour (worn)
 t - a +1 pair of boots (worn)
 z - a +2 pair of boots
Jewellery
 a - the ring "Ovigan" (left hand) {rElec rPois rF++ Dex+2}
   (You bought it in a shop on level 6 of the Dungeon)

   [ring of dexterity]

   It affects your dexterity (+2).
   It greatly protects you from fire.
   It insulates you from electricity.
   It protects you from poison.
 A - the ring "Zolasen" (right hand) {-Tele rPois rC+ Dex+6 SInv}
   (You found it on level 6 of the Dungeon)

   [ring of protection from cold]

   It affects your dexterity (+6).
   It protects you from cold.
   It protects you from poison.
   It lets you see invisible.
   It prevents most forms of teleportation.
 H - an uncursed amulet of the acrobat
 I - the ring of Seupp {Wiz Str+6 Stlth-}
   (You found it in a labyrinth)

   [ring of wizardry]

   It improves your spell success rate.
   It affects your strength (+6).
   It makes you less stealthy.
 J - an amulet of the gourmand (around neck)
 K - a +4 ring of strength
 L - an uncursed amulet of regeneration
 M - a +2 ring of evasion
Wands
 h - a wand of paralysis (15)
 p - a wand of digging (63)
 q - a wand of disintegration (13)
 x - a wand of iceblast (5)
 B - a wand of flame (73)
 D - a wand of clouds (6)
 F - a wand of acid (16)
 N - a wand of enslavement (24)
 Q - a wand of polymorph (13)
 S - a wand of random effects (22)
 U - a wand of scattershot (5)
Scrolls
 d - 16 scrolls of teleportation
 e - 16 scrolls of remove curse
 f - 14 scrolls of identify
 i - a scroll of enchant armour
 l - 3 scrolls of blinking
 C - 2 scrolls of magic mapping
 O - a scroll of holy word
 T - a scroll of fear
 V - a scroll of fog
Potions
 b - 6 potions of curing
 g - 2 potions of berserk rage
 k - 11 potions of haste
 o - 6 potions of brilliance
 s - 6 potions of heal wounds
 u - 6 potions of might
 v - 3 potions of agility
 w - 2 potions of ambrosia
Comestibles
 c - 39 rations
 X - 4 chunks of flesh


   Skills:
 + Level 15.9 Fighting
 + Level 18.7 Axes
 + Level 13.3 Armour
 + Level 4.3 Dodging
 + Level 2.0 Stealth


You had 15 spell levels left.
You didn't know any spells.
Your spell library was empty.

Dungeon Overview and Level Annotations

Branches:
Dungeon (15/15) Temple (1/1) D:4 Lair (6/6) D:9 Swamp (1/4) Lair:2 Snake (0/4) Lair:2 Slime (0/5) Lair:5 Orc (2/2) D:9 Elf (0/3) Orc:2 Vaults (0/5) D:13 D:14 Depths (0/5) D:15

Altars:
Fedhas
Gozag
Hepliaklqana
Ru
Sif Muna
Xom
Yredelemnul
Jiyva

Shops:
D:6 *   D:10 *   Orc:2 ?=((

Annotations:
D:9 2 transporters
Lair:1 exclusion: 2 oklob plants
Lair:3 3 runed doors, Gorgoleon's ghost, journeyman MiBe
Swamp:1 Louise


Innate Abilities, Weirdness & Mutations

You are resistant to torment.
Your stone body is resilient. (AC +12)
You are immune to poison.
Your large and strong wings let you fly indefinitely.
You resist negative energy. (rN+)
You are resistant to electric shocks. (rElec)
You can survive without breathing.
You are immune to petrification.
You are immune to rotting.
You have a pair of small horns on your head.
You have an increased reservoir of magic. (+10% MP)
You are somewhat resistant to further mutation.
Your muscles are strong. (Str +2)
[You are frail. (-10% HP)]


Message History

Found 21 stones.
Unknown command.
You hit the large abomination but do no damage.
The large abomination is severely damaged.
You slice the fire giant skeleton!!
The large abomination hits you but does no damage.
The fire giant skeleton hits you but does no damage.
Unknown command.
You closely miss the large abomination.
Your headbutt misses the large abomination.
The large abomination is severely damaged.
You slash the fire giant skeleton! You closely miss the large abomination.
You headbutt the large abomination, but do no damage.
The large abomination is severely damaged.
You fracture the fire giant skeleton into splinters!!!
You slice the raiju!!
The fire giant skeleton hits you but does no damage.
The large abomination hits you!
You die...

........ ..
..#.(.# .
#.#(#.#(# .
#.#(#[#(#
.(###.(.#...###.
#
..((............
$
§###...........#
.....hh@Z#..#♣.♣
..?###.hX#...♣..
#........ ...≈.#
.###(s.........#
.
..((..†.........
..###...#...#...
...(
#.#.#(#.#(..
..#.#.#(#.# #. .
...#.(.#. .(


You could see a large abomination, an orb spider, 3 raiju and a fire giant
skeleton.

Vanquished Creatures
  An orc warlord (Orc:2)
  A stone giant (Orc:2)
  Nessos (D:14)
  A minotaur (Lab)
  Josephine (D:14)
  A fire dragon (D:13)
  A yaktaur captain (D:15)
  A hydra (Lair:4)
  A death knight (D:13)
  An ice dragon (D:11)
  A catoblepas (Lair:3)
  A merfolk avatar (Lair:6)
  Erica (D:8)
  3 centaur warriors
  7 two-headed ogres
  The ghost of Fang the Cleaver, a journeyman GrBe of Trog (Orc:2)
  A queen ant (Lair:3)
  An alligator (Swamp:1)
  An ogre mage (D:15)
  6 orc high priests (Orc:2)
  2 tengu warriors (D:13)
  3 thrashing horrors (Abyss:3)
  Urug (D:14)
  A wretched star (Abyss:3)
  5 skeletal warriors
  A sixfirhy (Abyss:3)
  A sea snake (Lair:6)
  3 unseen horrors
  9 orc knights
  2 orc sorcerers (Orc:2)
  2 deep elf magi
  11 ugly things
  A manticore (D:14)
  6 cyclopes
  12 elephants
  3 centaur zombies
  6 black mambas
  2 gargoyles
  A torpor snail (Lair:2)
  8 spiny frogs
  An orange demon (Abyss:3)
  5 komodo dragons
  3 kobold demonologists (D:13)
  A yaktaur (D:15)
  6 rime drakes
  2 ancient zymes (Abyss:3)
  4 tyrant leeches (Abyss:3)
  5 polar bears
  A wind drake (shapeshifter) (D:13)
  Grinder (D:3)
  A harpy skeleton (Abyss:3)
  8 trolls
  6 hornets
  8 blink frogs
  8 dream sheep
  25 hippogriffs
  A meliai zombie (D:15)
  A redback (Lab)
  4 slime creatures (D:15)
  A shadow (D:11)
  2 ynoxinuls (Abyss:3)
  9 wraiths
  A vampire (D:14)
  10 wyverns
  4 water elementals (D:15)
  51 yaks
  10 basilisks
  5 hungry ghosts
  A fire elemental (Lair:3)
  7 vampire mosquitoes
  16 humans
  10 soldier ants
  4 wargs
  5 nagas (Lair:2)
  2 swamp worms (Swamp:1)
  An acid dragon (D:13)
  13 water moccasins
  8 porcupines
  47 orc warriors
  2 sky beasts
  2 black bears
  A hornet zombie (D:12)
  3 eyes of draining
  10 ogres
  A small abomination (Abyss:3)
  A snapping turtle skeleton (Abyss:3)
  6 ice beasts
  2 phantoms
  11 crocodiles
  8 centaurs
  16 big kobolds
  14 bullfrogs
  A gnoll sergeant (D:9)
  5 earth elementals
  A wyvern zombie (D:8)
  A water moccasin zombie (D:10)
  2 wyvern skeletons
  7 scorpions
  10 killer bees
  9 jellies
  7 wights
  2 howler monkeys
  7 electric eels
  9 crimson imps
  4 quasits
  6 bullfrog zombies
  27 orc priests
  4 centaur skeletons
  4 hounds
  24 orc wizards
  2 bullfrog skeletons (D:10)
  31 worker ants
  6 iguanas
  2 hound skeletons
  A worker ant zombie (D:10)
  10 gnolls
  12 adders
  6 river rats
  2 shadow imps
  4 oozes
  4 worms
  A dart slug (D:3)
  6 leopard geckos
  100 orcs
  8 ball pythons
  5 giant cockroaches
  7 goblins
  9 hobgoblins
  13 jackals
  44 kobolds
  6 quokkas
  A ball python zombie (D:5)
  7 bats
  5 frilled lizards
  A giant cockroach zombie (D:3)
  A jackal zombie (D:8)
  26 rats
  A fungus (Lair:6)
  5 plants (Lair:6)
944 creatures vanquished.

Vanquished Creatures (collateral kills)
  2 hydras
  3 yaks (D:9)
  An orc warrior (D:9)
  An orc wizard (D:9)
  An orc (D:9)
8 creatures vanquished.

Vanquished Creatures (others)
  5 orcs (D:9)
  A quokka (D:9)
  8 fungi
  10 plants
24 creatures vanquished.

Grand Total: 976 creatures vanquished

Notes
Turn   | Place    | Note
-------+----------+-------------------------------------------
     0 | D:1      | Fang the Gargoyle Berserker began the quest for the Orb.
     0 | D:1      | Reached XP level 1. HP: 14/14 MP: 1/1
    66 | D:1      | Reached XP level 2. HP: 19/19 MP: 2/2
   114 | D:1      | Reached skill level 3 in Axes
   449 | D:2      | Reached XP level 3. HP: 24/24 MP: 3/3
   654 | D:2      | Reached ** piety under Trog
   743 | D:2      | Reached XP level 4. HP: 21/29 MP: 4/4
  1077 | D:2      | Found a deep blue altar of Sif Muna.
  1147 | D:3      | Found a sacrificial altar of Ru.
  1156 | D:3      | Reached skill level 4 in Axes
  1165 | D:3      | Reached XP level 5. HP: 32/33 MP: 5/5
  1204 | D:3      | Noticed Grinder
  1231 | D:3      | Killed Grinder
  1231 | D:3      | Reached skill level 5 in Axes
  1231 | D:3      | Reached XP level 6. HP: 31/38 MP: 6/6
  2105 | D:4      | Reached XP level 7. HP: 15/44 MP: 7/7
  2298 | D:4      | Found a glowing drain.
  2325 | Sewer    | Entered a sewer
  2466 | Sewer    | Reached skill level 6 in Axes
  2507 | Sewer    | Reached *** piety under Trog
  2724 | Sewer    | Reached skill level 5 in Fighting
  3163 | D:4      | Noticed a hippogriff
  3191 | D:4      | Killed a hippogriff
  3191 | D:4      | Reached XP level 8. HP: 11/49 MP: 8/8
  3585 | D:4      | Reached skill level 7 in Axes
  3620 | D:4      | Found a shimmering altar of Xom.
  3621 | D:4      | Found a shimmering altar of Xom.
  3663 | D:4      | Found a shimmering altar of Xom.
  3663 | D:4      | Found a shimmering altar of Xom.
  3697 | D:4      | Found a basalt altar of Yredelemnul.
  3700 | D:4      | Found a staircase to the Ecumenical Temple.
  3939 | Temple   | Entered the Ecumenical Temple
  3965 | D:5      | Entered Level 5 of the Dungeon
  4230 | D:5      | Reached skill level 5 in Armour
  4421 | D:5      | Reached **** piety under Trog
  4921 | D:6      | Got a shimmering wooden ring
  4927 | D:6      | Identified the ring "Zolasen" {-Tele rPois rC+ Dex+6 SInv}
                  | (You found it on level 6 of the Dungeon)
  5077 | D:6      | Received a gift from Trog
  5080 | D:6      | Reached XP level 9. HP: 30/55 MP: 9/9
  5199 | D:6      | Reached skill level 8 in Axes
  5373 | D:6      | Found Tuuscheat's Assorted Antiques.
  5580 | D:6      | Found a hazy altar of Hepliaklqana.
  6546 | D:8      | Reached skill level 9 in Axes
  6701 | D:8      | Reached XP level 10. HP: 37/63 MP: 10/10
  7022 | D:8      | Noticed Erica
  7044 | D:8      | Killed Erica
  7044 | D:8      | Reached ***** piety under Trog
  7544 | D:6      | Bought a war axe for 101 gold pieces
  7700 | D:8      | Reached skill level 10 in Axes
  7979 | D:6      | Bought a pitted turquoise ring for 145 gold pieces
  7980 | D:6      | Identified the ring "Ovigan" {rElec rPois rF++ Dex+2} (You
                  | bought it in a shop on level 6 of the Dungeon)
  8232 | D:9      | Noticed a kobold demonologist
  8233 | D:9      | Noticed a fire crab
  8233 | D:9      | Noticed a kobold demonologist
  8234 | D:9      | Found a transporter.
  8237 | D:9      | Noticed a kobold demonologist
  8241 | D:9      | Noticed a kobold demonologist
  8254 | D:9      | Received a gift from Trog
  8286 | D:9      | Reached skill level 1 in Stealth
  8429 | D:9      | Found a transporter.
  8586 | D:9      | Found a staircase to the Lair.
  9015 | D:9      | Reached XP level 11. HP: 47/71 MP: 11/11
  9158 | D:9      | Found a staircase to the Orcish Mines.
  9484 | D:10     | Entered Level 10 of the Dungeon
 10222 | D:10     | Received a gift from Trog
 10284 | D:10     | Noticed a three-headed hydra
 10287 | D:10     | Reached skill level 10 in Fighting
 10294 | D:10     | Reached skill level 11 in Axes
 10308 | D:10     | HP: 3/72 [14-headed hydra (1)]
 10309 | D:10     | Killed a 14-headed hydra
 10684 | D:10     | Found an opulent altar of Gozag.
 10688 | D:10     | Found Gozag's Platinum Reserve.
 11133 | Lair:1   | Entered Level 1 of the Lair of Beasts
 11348 | Lair:1   | Noticed an oklob plant
 11348 | Lair:1   | Noticed an oklob plant
 11866 | Lair:1   | Reached skill level 12 in Axes
 12175 | Lair:2   | Reached XP level 12. HP: 56/80 MP: 12/12
 12227 | Lair:2   | Found a dark tunnel.
 12341 | Lair:2   | Reached skill level 10 in Armour
 12393 | Lair:2   | Found a staircase to the Snake Pit.
 12401 | Lair:2   | Received a gift from Trog
 12526 | Lair:2   | Found a staircase to the Swamp.
 12938 | Lair:3   | Found a runed gate.
 12938 | Lair:3   | Found a runed gate.
 12939 | Lair:3   | Found a runed gate.
 13463 | Lair:3   | Reached ****** piety under Trog
 13521 | Lair:3   | Noticed a queen ant
 13532 | Lair:3   | Reached skill level 13 in Axes
 13536 | Lair:3   | Killed a queen ant
 13864 | Lair:3   | Noticed a catoblepas
 13881 | Lair:3   | Killed a catoblepas
 14166 | Lair:3   | Noticed Gorgoleon's ghost (journeyman MiBe)
 14166 | Lair:3   | Noticed a ten-headed hydra
 14166 | Lair:3   | Noticed a 12-headed hydra
 14221 | Lair:4   | Received a gift from Trog
 14221 | Lair:4   | Noticed a six-headed hydra
 14222 | Lair:4   | Reached XP level 13. HP: 87/87 MP: 4/13
 14243 | Lair:4   | Reached skill level 14 in Axes
 15761 | Lair:5   | Found a runed door.
 15761 | Lair:5   | Found a viscous altar of Jiyva.
 15761 | Lair:5   | Found a staircase to the Slime Pits.
 16189 | Lair:6   | Entered Level 6 of the Lair of Beasts
 16293 | Lair:6   | Reached skill level 15 in Axes
 16311 | Lair:6   | Found a labyrinth entrance.
 16327 | Lab      | Entered a labyrinth
 16907 | Lab      | Received a gift from Trog
 17500 | Lab      | Found an exit through the horrors of the Abyss.
 18307 | Lab      | Noticed a minotaur
 18319 | Lab      | Killed a minotaur
 18321 | Lab      | Found the +9 sword of Zonguldrok {reap}
 18321 | Lab      | Got a heavily runed glass ring
 18741 | Lair:6   | Gained mutation: Your large and strong wings let you fly
                  | indefinitely. [Gargoyle growth]
 18741 | Lair:6   | Reached XP level 14. HP: 91/94 MP: 4/14
 19382 | Lair:6   | Reached skill level 16 in Axes
 19542 | Lair:6   | Received a gift from Trog
 20955 | D:11     | Got the battleaxe of Egomania {freeze}
 20956 | D:11     | Identified the cursed +1 battleaxe of Egomania {freeze,
                  | Int+2} (You found it on level 11 of the Dungeon)
 21005 | D:11     | Identified the ring of Seupp {Wiz Str+6 Stlth-} (You found
                  | it in a labyrinth)
 21470 | D:11     | Gained mutation: Your muscles are strong. (Str +2) [potion
                  | of mutation]
 21470 | D:11     | Gained mutation: You have a pair of small horns on your
                  | head. [potion of mutation]
 21470 | D:11     | Gained mutation: You have an increased reservoir of magic.
                  | (+10% MP) [potion of mutation]
 21470 | D:11     | Gained mutation: You are somewhat resistant to further
                  | mutation. [potion of mutation]
 21935 | D:12     | Found a blossoming altar of Fedhas.
 22079 | D:12     | Received a gift from Trog
 22750 | D:13     | Reached skill level 17 in Axes
 23024 | D:13     | Reached XP level 15. HP: 99/100 MP: 16/16
 23196 | D:13     | Paralysed by an orc for 3 turns
 23565 | D:14     | Found a gate to the Vaults.
 23565 | D:14     | Found the +2 cloak of the Thief {+Fog Slay-2 SInv Stlth+}
 23565 | D:14     | Noticed Nessos
 23565 | D:14     | Noticed Urug
 23632 | D:14     | Received a gift from Trog
 23649 | D:14     | Killed Urug
 23657 | D:14     | Killed Nessos
 23747 | D:14     | Noticed Josephine
 23754 | D:14     | Killed Josephine
 24057 | D:14     | Identified a scroll of acquirement
 24408 | D:15     | Entered Level 15 of the Dungeon
 24408 | D:15     | Found a hazy altar of Hepliaklqana.
 24772 | D:15     | Found a staircase to the Depths.
 24907 | D:15     | Reached skill level 18 in Axes
 24911 | D:15     | Received a gift from Trog
 25002 | D:15     | Reached skill level 15 in Fighting
 25797 | Orc:1    | Entered Level 1 of the Orcish Mines
 26293 | Orc:2    | Entered Level 2 of the Orcish Mines
 26307 | Orc:2    | Reached XP level 16. HP: 108/108 MP: 17/17
 26387 | Orc:2    | Found a runed door.
 26392 | Orc:2    | Noticed Fang's ghost (journeyman GrBe)
 26430 | Orc:2    | Found a staircase to the Elven Halls.
 26445 | Orc:2    | Received a gift from Trog
 27021 | Orc:2    | Received a gift from Trog
 27086 | Orc:2    | Got a pitted war axe {god gift}
 27087 | Orc:2    | Identified the +3 war axe of Cimeif {venom, *Corrode Int+5
                  | Dex+4} (Trog gifted it to you on level 2 of the Orcish
                  | Mines)
 27152 | Orc:2    | Found Ymoarr's Weapon Shop.
 27155 | Orc:2    | Found Titila's Jewellery Boutique.
 27156 | Orc:2    | Found Gylalemas's Magic Scroll Shop.
 27157 | Orc:2    | Found Afrusk's Weapon Shop.
 27165 | Orc:2    | Bought a +2 battleaxe of flaming for 331 gold pieces
 27299 | Orc:2    | Killed Fang's ghost
 27466 | Swamp:1  | Entered Level 1 of the Swamp
 27508 | Swamp:1  | Noticed Louise
 27514 | Swamp:1  | Cast into level 3 of the Abyss (Louise)
 27743 | Abyss:3  | Slain by a large abomination

Skill      XL: |  1  2  3  4  5  6  7  8  9 10 11 12 13 14 15 16 |
---------------+-------------------------------------------------+-----
Axes           | 3 4 5 6 7 9 10 12 13 15 17 18 | 18.7
Dodging        | 2 3 4 |  4.3
Fighting       | 4 5 6 7 9 11 12 13 15 | 15.9
Armour         | 3 4 5 7 8 9 10 11 12 13 | 13.3
Stealth        | 1 2 |  2.0

Action                   |  1- 3 |  4- 6 |  7- 9 | 10-12 | 13-15 | 16-18 || total
-------------------------+-------+-------+-------+-------+-------+-------++-------
Melee: Hand axe          |   109 |   184 |   694 |   157 |       |       ||  1144
       War axe           |       |       |       |   533 |       |       ||   533
       Trident           |       |       |       |    12 |       |       ||    12
       Battleaxe         |       |       |       |   169 |   274 |       ||   443
       Executioner's axe |       |       |       |       |   380 |       ||   380
       Headbutt          |       |       |       |       |   206 |    92 ||   298
       Broad axe         |       |       |       |       |   429 |   313 ||   742
Invok: Berserk           |     2 |     2 |     6 |     7 |     8 |     5 ||    30
       Brothers in Arms  |       |       |       |     2 |     1 |       ||     3
 Abil: Fly               |       |       |       |       |     1 |       ||     1
  Use: Scroll            |       |       |     1 |    29 |    10 |       ||    40
       Potion            |       |       |       |     2 |     2 |     1 ||     5
 Stab: Sleeping          |       |       |       |       |       |     1 ||     1
  Eat: Chunk             |     1 |     6 |    20 |    28 |    78 |    14 ||   147
       Ration            |       |       |     1 |     2 |     3 |       ||     6
Armor: Animal skin       |    44 |       |       |       |       |       ||    44
       Chain mail        |       |   102 |   492 |   166 |       |       ||   760
       Plate armour      |       |       |       |   590 |   996 |   227 ||  1813
Dodge: Dodged            |    75 |    76 |   365 |   506 |   613 |   216 ||  1851
